Map: King's Cove LE

Players

Elazer

  • Race: Zerg Zerg
  • Spawn Location: 5:00

Reynor - Winner!

  • Race: Zerg Zerg
  • League: Master
  • Spawn Location: 11:00

Event: 2019 WCS Winter Europe

VOD

Have the link to the VOD?

Description

Time

  • Played on: March 23, 2019, 9:14 a.m.
  • Length: 12:09

All games in this series

Show
View Real Time Build Order
Export as new Build Order

Elazer Zerg 

Build Orders: Hatch First 

Get SALT Encoding   

  12  0:00  Drone  
  13  0:12  Overlord  
  13  0:17  Drone  
  14  0:31  Drone x2  
  16  0:48  Hatchery  
  15  0:52  Drone  
  15  0:56  Drone  
  17  0:59  Drone  
  18  1:09  Extractor  
  17  1:14  Spawning Pool  
  17  1:17  Drone  
  17  1:20  Drone  
  18  1:29  Drone  
  19  1:39  Drone  
  20  1:50  Drone  
  21  2:00  Overlord  
  21  2:01  Queen x2, Drone  
  26  2:09  Metabolic Boost  
  26  2:11  Zergling x2  
  26  2:13  Drone  
  28  2:23  Zergling x2  
  28  2:24  Drone  
  30  2:33  Zergling x2  
  30  2:34  Drone  
  32  2:41  Hatchery  
  32  2:44  Drone  
  32  2:50  Baneling Nest  
  31  2:54  Overlord  
  31  2:55  Drone  
  32  2:58  Drone  
  33  3:07  Drone x2  
  33  3:10  Drone  
  36  3:14  Drone x2  
  36  3:15  Drone  
  36  3:18  Overlord  
  39  3:24  Queen  
  41  3:29  Zergling x4  
  41  3:30  Drone  
  43  3:41  Zergling x2  
  43  3:42  Zergling x10  
  43  3:46  Baneling  
  43  3:47  Zergling x4  
  51  3:50  Zergling x2  
  51  3:54  Baneling  
  52  3:55  Queen  
  52  3:58  Overlord  
  53  4:07  Drone x4  
  56  4:12  Drone x2  
  56  4:13  Evolution Chamber  
  56  4:16  Drone  
  56  4:24  Overlord  
  56  4:26  Roach Warren  
  56  4:27  Drone  
  56  4:31  Overlord  
  56  4:33  Drone x2  
  58  4:41  Overlord  
  58  4:43  Spine Crawler  
  58  4:44  Spine Crawler  
  55  4:55  Zerg Missile Weapons Level 1  
  55  5:05  Roach x3  
  55  5:06  Roach x3  
  55  5:07  Roach  
  69  5:12  Extractor, Drone x3  
  71  5:16  Drone x4  
  75  5:22  Overlord  
  75  5:27  Overlord  
  75  5:31  Drone x6  
  81  5:36  Extractor  
  80  5:43  Drone x3  
  80  5:44  Overlord  
  80  5:45  Lair  
  80  5:46  Drone  
  80  5:47  Drone  
  80  5:48  Drone  
  86  5:52  Overlord  
  85  6:00  Drone x5  
  88  6:04  Drone x3  
  88  6:07  Drone x2  
  88  6:08  Drone  
  92  6:14  Overlord  
  92  6:15  Roach x2, Extractor  
  95  6:19  Drone x3  
  95  6:20  Extractor  
  95  6:23  Pneumatized Carapace  
  97  6:27  Drone x4  
  97  6:29  Overlord  
  97  6:32  Roach  
  103  6:37  Roach x4  
  111  6:41  Extractor  
  110  6:47  Glial Reconstitution  
  110  6:48  Overlord  
  110  6:53  Drone x3  
  109  6:54  Drone x2  
  109  6:56  Roach x3  
  109  6:57  Roach  
  109  6:59  Zerg Missile Weapons Level 2  
  116  7:03  Overseer  
  116  7:09  Overlord  
  116  7:13  Roach  
  116  7:14  Roach  
  120  7:16  Roach  
  120  7:20  Hatchery  
  120  7:22  Overlord  
  121  7:24  Roach x3  
  121  7:27  Roach  
  129  7:30  Overlord  
  130  7:37  Drone x6  
  130  7:39  Drone x2  
  130  7:42  Evolution Chamber  
  136  7:45  Roach x2, Hydralisk Den  
  136  7:47  Ravager x3  
  136  7:48  Ravager  
  143  7:51  Baneling x2  
  143  7:52  Baneling x2  
  143  7:55  Roach x3  
  149  8:03  Overlord  
  149  8:07  Roach  
  149  8:08  Roach x4  
  159  8:15  Roach x5  
  167  8:24  Roach x4  
  167  8:26  Ravager x2  
  177  8:33  Roach x6  
  182  8:37  Overlord  
  182  8:38  Overlord  
  175  8:50  Overlord  
  175  8:51  Muscular Augments  
  153  8:56  Hydralisk x6  
  153  8:59  Hydralisk  
  122  9:10  Roach x6  
  112  9:23  Roach x3  
  112  9:33  Drone x5  
  117  9:41  Baneling x2  
  117  9:44  Hatchery  
  116  9:46  Drone x3  
  116  9:50  Zerg Ground Armor Level 1  
  116  9:52  Spore Crawler  
  118  9:53  Queen  
  118  9:57  Overlord  
  120  10:00  Hydralisk x2  
  120  10:03  Overlord  
  120  10:06  Hydralisk  
  126  10:09  Overlord  
  126  10:11  Hydralisk  
  127  10:21  Roach x4  
  135  10:22  Ravager  
  135  10:23  Ravager x3  
  135  10:26  Roach  
  135  10:27  Roach  
  143  10:34  Roach  
  143  10:35  Roach x2  
  149  10:41  Grooved Spines  
  149  10:48  Roach x6  
  157  10:52  Roach  
  157  10:53  Roach  
  154  11:01  Overlord  
  147  11:06  Drone x9  
Show
View Real Time Build Order
Export as new Build Order

Reynor Zerg - Winner!

Build Orders: Hatch First 

Get SALT Encoding   

  12  0:00  Drone  
  13  0:12  Overlord  
  13  0:18  Drone  
  14  0:31  Drone x2  
  16  0:49  Hatchery  
  15  0:52  Drone  
  15  0:56  Drone  
  17  0:59  Drone  
  17  1:03  Extractor  
  17  1:17  Spawning Pool  
  16  1:20  Drone  
  16  1:23  Drone  
  18  1:29  Drone  
  19  1:40  Drone  
  20  1:50  Overlord  
  20  2:03  Zergling x4  
  20  2:05  Queen  
  20  2:06  Metabolic Boost  
  24  2:11  Queen  
  24  2:14  Drone  
  27  2:18  Drone  
  27  2:22  Drone  
  29  2:23  Drone  
  30  2:40  Hatchery  
  30  2:42  Drone  
  31  2:44  Drone  
  31  2:46  Drone  
  32  2:53  Overlord  
  32  2:56  Drone  
  32  2:57  Drone  
  35  3:05  Zergling x2  
  35  3:10  Zergling x2  
  37  3:12  Zergling x2  
  37  3:13  Zergling x4  
  37  3:18  Zergling x4  
  37  3:19  Drone  
  42  3:21  Zergling x2  
  42  3:23  Overlord  
  43  3:30  Drone  
  43  3:32  Overlord, Roach Warren  
  43  3:41  Zergling x4  
  44  3:48  Drone x2  
  46  3:49  Drone  
  46  3:50  Overlord  
  46  3:53  Drone x2  
  46  3:54  Drone  
  49  4:00  Overlord  
  46  4:17  Roach x6  
  46  4:21  Zergling x6  
  61  4:24  Roach  
  61  4:26  Zergling x4  
  61  4:28  Zergling x2  
  61  4:30  Drone x2  
  68  4:33  Drone  
  68  4:38  Drone  
  70  4:39  Drone  
  70  4:41  Overlord  
  71  4:45  Evolution Chamber  
  71  4:46  Queen  
  71  4:50  Drone x2  
  74  4:57  Overlord  
  74  5:02  Drone x4  
  74  5:04  Drone x3  
  74  5:06  Drone  
  82  5:14  Zerg Missile Weapons Level 1  
  82  5:15  Drone  
  82  5:16  Extractor x2, Drone x3  
  83  5:22  Drone x2  
  86  5:28  Drone  
  86  5:31  Extractor  
  86  5:33  Roach x3  
  90  5:36  Overlord x2  
  90  5:49  Drone  
  90  5:50  Overlord  
  90  5:55  Lair  
  90  5:57  Drone x5  
  90  5:58  Drone  
  90  6:00  Overlord  
  94  6:05  Roach x3  
  94  6:06  Roach  
  94  6:09  Drone x4  
  103  6:11  Roach x2  
  103  6:12  Extractor  
  103  6:13  Drone  
  103  6:16  Drone  
  108  6:19  Extractor  
  108  6:20  Roach  
  108  6:24  Roach  
  108  6:25  Overlord  
  111  6:26  Roach x2  
  111  6:27  Drone  
  116  6:33  Drone  
  116  6:35  Roach  
  116  6:37  Overlord  
  116  6:39  Hatchery  
  118  6:43  Roach x3  
  118  6:46  Overlord  
  121  6:59  Overlord  
  121  7:01  Drone  
  120  7:03  Drone x2  
  120  7:05  Glial Reconstitution, Spire  
  120  7:06  Roach x2  
  120  7:07  Roach x3  
  120  7:08  Overlord  
  131  7:09  Hatchery  
  130  7:16  Roach x3  
  136  7:24  Overlord  
  136  7:27  Roach x2  
  140  7:32  Roach x3  
  140  7:36  Zerg Missile Weapons Level 2  
  146  7:38  Roach x5  
  146  7:40  Overlord  
  156  7:46  Roach x3  
  156  7:48  Roach  
  156  7:49  Roach x2  
  168  7:59  Overlord  
  168  8:00  Roach  
  168  8:01  Roach x2  
  174  8:06  Roach x2  
  174  8:10  Overlord  
  178  8:14  Overlord  
  178  8:18  Mutalisk x3  
  178  8:19  Mutalisk  
  186  8:21  Roach  
  187  8:27  Roach x2  
  187  8:29  Drone  
  187  8:30  Drone x5  
  188  8:38  Mutalisk  
  188  8:41  Drone x4  
  188  8:46  Mutalisk  
  190  8:48  Mutalisk  
  190  8:51  Roach  
  172  8:58  Roach x3  
  158  9:05  Roach x3  
  140  9:10  Roach x2  
  140  9:13  Roach  
  126  9:18  Roach x2, Drone  
  126  9:19  Drone x4  
  126  9:22  Roach  
  123  9:27  Roach x2  
  123  9:32  Roach x2  
  123  9:37  Queen  
  129  9:40  Roach x3  
  129  9:43  Roach  
  137  9:48  Roach  
  137  9:51  Roach x2  
  143  9:55  Ravager x2  
  143  9:57  Roach  
  147  10:00  Roach x5  
  157  10:08  Roach x2  
  157  10:09  Roach x2  
  157  10:11  Overlord  
  157  10:14  Roach x2  
  169  10:15  Queen  
  169  10:17  Roach  
  173  10:21  Ravager x2  
  173  10:23  Roach x2  
  173  10:24  Roach  
  173  10:26  Roach  
  173  10:28  Roach x2  
  187  10:31  Extractor  
  187  10:32  Roach x2  
  190  10:36  Roach x3  
  190  10:39  Roach  
  198  10:46  Roach x3  
  194  10:50  Roach x3  
  194  10:56  Roach x2  
  198  11:00  Roach  
Tags
 
Add a new tag
Caveats
  • Supply blocks, unpowered buildings, or Contaminate may cause inaccurate times.
  • Supply counts are checked every 10 seconds.